Map: Frost LE

Players

BoxDrunken

  • Race: Terran Terran
  • League: Silver
  • Spawn Location: 1:00

Fropez - Winner!

  • Race: Protoss Protoss
  • League: Gold
  • Spawn Location: 7:00

VOD

Have the link to the VOD?

Description

Time

  • Played on: Sept. 22, 2016, 6:30 p.m.
  • Length: 8:05
Show
View Real Time Build Order
Export as new Build Order

BoxDrunken Terran 

Build Orders:  

Get SALT Encoding   

  12  0:05  SCV  
  13  0:17  SCV  
  14  0:29  SCV  
  15  0:39  Refinery  
  15  0:44  Supply Depot  
  15  0:51  Supply Depot  
  15  0:53  Refinery  
  15  1:05  SCV  
  15  1:09  Barracks  
  16  1:20  SCV  
  17  1:40  SCV  
  18  1:52  SCV  
  19  1:57  Ghost Academy  
  19  2:13  Barracks Tech Lab  
  19  2:14  Barracks  
  19  2:16  SCV  
  19  2:20  Factory  
  20  2:28  SCV  
  21  2:38  Ghost  
  24  2:44  SCV  
  24  2:56  SCV  
  25  3:03  Barracks Tech Lab  
  25  3:09  Supply Depot  
  25  3:11  Personal Cloaking  
  25  3:35  Ghost  
  25  3:36  Ghost Academy  
  27  3:49  Ghost  
  29  4:06  Ghost  
  31  4:38  Marauder  
  33  4:49  Nuke  
  33  4:57  Command Center  
  33  4:59  Siege Tank  
  36  5:01  Marine x2  
  38  5:45  Orbital Command  
  38  5:52  Marine  
  39  6:00  Supply Depot  
  39  6:01  Supply Depot  
  39  6:02  Marauder  
  39  6:03  Siege Tank  
  39  6:10  Marine  
  28  6:47  SCV  
  29  6:59  SCV  
  30  7:11  SCV  
  30  7:24  SCV  
  31  7:36  SCV  
  32  7:37  SCV  
  27  7:48  SCV  
  27  7:49  SCV  
Show
View Real Time Build Order
Export as new Build Order

Fropez Protoss - Winner!

Build Orders:  

Get SALT Encoding   

  12  0:01  Probe (Chrono Boost)  
  13  0:15  Probe (Chrono Boost)  
  13  0:17  Pylon  
  14  0:26  Probe (Chrono Boost)  
  15  0:36  Probe (Chrono Boost)  
  15  0:38  Gateway  
  16  0:47  Probe (Chrono Boost)  
  17  0:50  Assimilator  
  17  0:56  Pylon  
  17  0:58  Probe (Chrono Boost)  
  18  1:09  Probe (Chrono Boost)  
  19  1:22  Probe (Chrono Boost)  
  20  1:26  Cybernetics Core  
  21  1:32  Probe (Chrono Boost)  
  21  1:43  Probe (Chrono Boost)  
  21  1:45  Pylon  
  22  1:47  Assimilator  
  22  2:06  Nexus  
  22  2:22  Twilight Council  
  22  2:27  Probe (Chrono Boost)  
  23  2:30  Pylon  
  23  2:36  Warp Gate (Chrono Boost)  
  23  2:39  Mothership Core  
  25  2:52  Gateway  
  25  3:00  Probe  
  25  3:04  Resonating Glaives  
  26  3:20  Robotics Facility  
  26  3:22  Probe x2  
  28  3:32  Adept  
  30  3:34  Probe  
  30  3:40  Pylon  
  31  4:06  Warp Prism (Chrono Boost)  
  33  4:16  Pylon  
  33  4:17  Pylon  
  33  4:21  Gateway  
  33  4:23  Gateway  
  32  4:34  Probe  
  32  4:35  Gateway  
  34  4:39  Observer (Chrono Boost)  
  32  4:52  Stalker x2  
  36  5:04  Pylon  
  36  5:24  Adept x2  
  38  5:29  Adept x2  
  40  5:48  Adept x3  
  42  6:09  Adept x2  
  42  6:10  Adept x3  
  40  6:35  Adept x5  
  50  6:46  Probe  
  51  6:48  Gateway  
  51  6:50  Gateway  
  51  6:52  Gateway  
  51  7:14  Stalker  
  53  7:15  Stalker  
  53  7:28  Adept x4  
  51  7:51  Stalker  
  51  7:52  Stalker x2  
  51  7:53  Stalker x2  
Tags
 
Matchup
PvT
Replay Pack
All Mines
Spawn Locations
Cross Positions
Add a new tag
Caveats
  • Supply blocks, unpowered buildings, or Contaminate may cause inaccurate times.
  • Supply counts are checked every 10 seconds.